Map: Frozen Temple

Players

qtuk

  • Race: Zerg Zerg

Gracz - Winner!

  • Race: Zerg Zerg
  • League: Silver

VOD

Have the link to the VOD?

Description

Time

  • Played on: Oct. 8, 2016, 1:04 p.m.
  • Length: 3:13
Show
View Real Time Build Order
Export as new Build Order

qtuk Zerg 

Build Orders: Hatch First 

Get SALT Encoding   

  12  0:09  Overlord  
  12  0:51  Hatchery  
  12  0:52  Drone x3  
  14  1:09  Spawning Pool  
  13  1:26  Drone x2  
  13  1:27  Drone  
  16  2:07  Zergling x8  
  20  2:18  Extractor  
  20  2:21  Drone  
Show
View Real Time Build Order
Export as new Build Order

Gracz Zerg - Winner!

Build Orders: Pool First 

Get SALT Encoding   

  12  0:15  Drone x2  
  14  0:31  Spawning Pool  
  14  0:34  Drone  
  14  1:03  Hatchery  
  13  1:13  Overlord  
  13  1:24  Zergling x2  
  14  1:31  Zergling x2  
  15  1:44  Drone  
  16  1:47  Zergling x4  
  18  2:03  Zergling x2  
  18  2:07  Queen  
  21  2:11  Drone  
  22  2:21  Spine Crawler  
  18  2:50  Zergling x6  
  20  2:53  Zergling x6  
Tags
 
Add a new tag
Caveats
  • Supply blocks, unpowered buildings, or Contaminate may cause inaccurate times.
  • Supply counts are checked every 10 seconds.